 Dungeon Crawl Stone Soup version 0.29-a0-1019-g84f7d21838 (webtiles) character file.

Game seed: 13325365231855055564

79 frimble the Digger (level 4, -11/33 HPs)
             Began as a Demonspawn Earth Elementalist on Aug 10, 2022.
             Mangled by an ogre
             ... wielding a +0 giant club
              (21 damage)
             ... on level 3 of the Dungeon.
             The game lasted 00:03:44 (2227 turns).

frimble the Digger (Demonspawn Earth Elementalist)  Turns: 2227, Time: 00:03:45

Health: -11/33     AC:  5    Str: 10    XL:     4   Next: 16%
Magic:  4/7        EV: 12    Int: 16    God:
Gold:   164        SH:  0    Dex: 14    Spells: 6/7 levels left

rFire   . . .      SeeInvis .   h - +1 spear (vorpal)
rCold   . . .      Faith    .   (no shield)
rNeg    . . .      Spirit   .   a - +0 robe
rPois   .          Reflect  .   (helmet restricted)
rElec   .          Harm     .   (no cloak)
rCorr   .          Rampage  .   p - +0 pair of gloves
Will    .....                   g - +1 pair of boots
Stlth   ++........              (no amulet)
HPRegen 0.11/turn               (no ring)
MPRegen 0.20/turn               (no ring)

@: no status effects
A: horns 1, magic regeneration
a: no special abilities


You were on level 3 of the Dungeon.
You visited 1 branch of the dungeon, and saw 3 of its levels.

You collected 164 gold pieces.

Inventory:

Hand Weapons
 h - a +1 vorpal spear (weapon)
Missiles
 i - 2 curare-tipped darts
 j - a throwing net
Armour
 a - a +0 robe (worn)
 g - a +1 pair of boots (worn)
 p - a +0 pair of gloves (worn)
Jewellery
 q - a ring of ice
Scrolls
 d - a scroll of identify
 f - a scroll of vulnerability {unknown}
 n - a scroll of amnesia
Potions
 b - a potion of magic
 c - a potion of flight {unknown}
 e - a potion of haste {unknown}
 k - a potion of might {unknown}
 l - a potion of curing {unknown}
 m - a potion of resistance {unknown}
 o - a potion of attraction {unknown}


   Skills:
 + Level 1.9 Fighting
 + Level 0.3 Throwing
 - Level 1.8 Dodging
 - Level 2.6 Stealth
 + Level 2.0 Spellcasting
 + Level 1.0 Transmutations
 + Level 3.4 Earth Magic


You had 6 spell levels left.
You knew the following spells:

 Your Spells              Type           Power      Damage    Failure   Level
a - Sandblast             Erth           24%        2d8       4%          1

Your spell library contained the following spells:

 Spells                   Type           Power      Damage    Failure   Level
 Passwall                 Tmut/Erth      6%         N/A       12%         2
 Stone Arrow              Conj/Erth      14%        3d7       30%         3
 Petrify                  Tmut/Erth      8%         N/A       63%         4


Dungeon Overview and Level Annotations

Branches:
Dungeon (3/15)

Altars:


Innate Abilities, Weirdness & Mutations

You have a pair of small horns on your head.
You regenerate magic rapidly.


Message History

The blast of sand hits the adder!
The adder is severely wounded.
Aiming: Sandblast (safe; 4% risk of failure)
Press: ? - help, Q - select action, (/) - cycle Shift-Dir - straight line, f/p - adder
Aim: an adder (severely wounded, 70% to hit)
The blast of sand hits the adder.
You kill the adder!
Magic restored.
Key pressed, stopping explore.
You see here a worm corpse.
l - a glowing black potion An ogre comes into view.
It is wielding a +0 giant club.
An ogre is nearby!
An ogre is nearby!
Aiming: Sandblast (safe; 4% risk of failure)
Press: ? - help, Q - select action, (/) - cycle Shift-Dir - straight line, f - ogre
Aim: an ogre, wielding a +0 giant club (asleep, 100% to hit)
The blast of sand hits the ogre.
The ogre is moderately wounded.
The ogre shouts!
Aiming: Sandblast (safe; 4% risk of failure)
Press: ? - help, Q - select action, (/) - cycle Shift-Dir - straight line, f/p - ogre
Aim: an ogre, wielding a +0 giant club (moderately wounded, 91% to hit)
The blast of sand hits the ogre!
The ogre is severely wounded.
The ogre hits you with a +0 giant club!!
Ouch! That really hurt!
Aiming: Sandblast (safe; 4% risk of failure)
Press: ? - help, Q - select action, (/) - cycle Shift-Dir - straight line, f/p - ogre
Aim: an ogre, wielding a +0 giant club (severely wounded, 91% to hit)
The blast of sand hits the ogre!
The ogre is almost dead.
The ogre misses you.
Aiming: Sandblast (safe; 4% risk of failure)
Press: ? - help, Q - select action, (/) - cycle Shift-Dir - straight line, f/p - ogre
Aim: an ogre, wielding a +0 giant club (almost dead, 91% to hit)
The blast of sand misses the ogre.
The ogre hits you with a +0 giant club!!
Ouch! That really hurt!
You die...

### #.. #.# ######
##.# .....# ###..#
.....# ####....#
.....#
........####O....#
###....@.....#
#...####.....#
#.#†# .....# #.#.#
....... #.#.#
####... #.#.#####
.. #.#.....#### .
#.#.........
..#.†...####


You could see an ogre.

Vanquished Creatures
  3 adders
  2 worms
  4 ball pythons
  5 bats
  4 endoplasms
  5 giant cockroaches
  3 goblins
  3 hobgoblins (D:1)
  3 quokkas
  2 frilled lizards
  5 kobolds
  5 rats
44 creatures vanquished.

Notes
Turn   | Place    | Note
-------+----------+-------------------------------------------
     0 | D:1      | frimble the Demonspawn Earth Elementalist began the quest
                  | for the Orb.
     0 | D:1      | Reached XP level 1. HP: 13/13 MP: 3/3
    99 | D:1      | Reached skill level 1 in Transmutations
   233 | D:1      | Reached skill level 3 in Earth Magic
   356 | D:1      | Gained mutation: You have a pair of small horns on your
                  | head. [demonic ancestry]
   356 | D:1      | Reached XP level 2. HP: 11/19 MP: 1/5
  1372 | D:2      | Found a faded altar of an unknown god.
  1465 | D:2      | Reached skill level 1 in Fighting
  1465 | D:2      | Reached XP level 3. HP: 26/26 MP: 6/6
  2079 | D:3      | Gained mutation: You regenerate magic rapidly. [demonic
                  | ancestry]
  2079 | D:3      | Reached XP level 4. HP: 18/33 MP: 7/7
  2222 | D:3      | Noticed an ogre
  2227 | D:3      | Mangled by an ogre

Illustrated notes

Levels and vault maps discovered:
D:1:      evilmike_arrival_rings, layout_basic
D:2:      layout_basic, basic_ecumenical_altar, minmay_circle_x
D:3:      layout_rooms, lemuel_round_altar, overflow_temple_1_default,
          nemelex_spade_bored_becter, mainiacjoe_overflow_alcove_1,
          minivault_27, uniq_crazy_yiuf_cottage

Skill      XL: |  1  2 |
---------------+-------+-----
Transmutations | 1 |  1.0
Earth Magic    | 3 |  3.4
Stealth        | 2 |  2.6
Fighting       | 1 |  1.9
Throwing       | |  0.3
Dodging        | |  1.8
Spellcasting   | |  2.0

Action                   |  1- 3 |  4- 6 || total
-------------------------+-------+-------++-------
Melee: Dagger            |    10 |       ||    10
       Spear             |   111 |       ||   111
       Headbutt          |    16 |       ||    16
       Punch             |     2 |       ||     2
 Cast: Sandblast         |    17 |     6 ||    23
  Use: Scroll            |     3 |       ||     3
 Stab: Sleeping          |     5 |       ||     5
Armor: Robe              |    43 |       ||    43
Dodge: Dodged            |    61 |     1 ||    62

Table legend: (Time is in decaauts)
 A = Elapsed time spent in this place.
 B = Non-inter-level travel time spent in this place.
 C = Inter-level travel time spent in this place.
 D = Time resting spent in this place.
 E = Time spent auto-exploring this place.
 F = Levels seen in this place.
 G = Mean time per level.
                   A        B        C        D        E       F      G
               +--------+--------+--------+--------+--------+-----+--------+
         Total |   2258 |   2165 |     93 |    100 |   1686 |   3 |  752.7 |
       Dungeon |   2258 |   2165 |     93 |    100 |   1686 |   3 |  752.7 |
               +--------+--------+--------+--------+--------+-----+--------+

Top non-repeatable levels by time:
     D:1: 1362 daAuts
     D:2: 657 daAuts
     D:3: 238 daAuts
